 Dungeon Crawl Stone Soup version 0.28-a0-1616-g050a50673c (webtiles) character file.

Game seed: 978512200046663739

2928 grumblor the Skirmisher (level 9, -4/73 HPs)
             Began as a Mummy Fighter on Jan 23, 2022.
             Was an Initiate of Gozag.
             Slain by Maggie (16 damage)
             ... on level 6 of the Dungeon.
             The game lasted 00:16:29 (8814 turns).

grumblor the Skirmisher (Mummy Fighter)             Turns: 8814, Time: 00:16:30

Health: -4/73      AC:  5    Str: 23    XL:     9   Next: 50%
Magic:  9/9        EV: 13    Int:  8    God:    Gozag
Gold:   466        SH:  4    Dex: 11    Spells: 8/8 levels left

rFire   x . .      SeeInvis .   a - +0 war axe
rCold   + . .      Faith    .   c - +0 buckler
rNeg    + + +      Spirit   .   i - +0 troll leather armour {Pargi}
rPois   ∞          Reflect  .   (no helmet)
rElec   .          Harm     .   j - +0 cloak
rCorr   .          Rampage  .   (no gloves)
Will    +....                   (no boots)
Stlth   +.........              (no amulet)
HPRegen 1.02/turn               (no ring)
MPRegen 0.11/turn               (no ring)

@: about to teleport, mesmerised, studying Dodging
A: cold resistance 1, negative energy resistance 3, torment resistance 2, heat
vulnerability 1, no potions
a: Renounce Religion, Potion Petition, Call Merchant, Bribe Branch


You were on level 6 of the Dungeon.
You worshipped Gozag.
Gozag was aware of your devotion.
You visited 2 branches of the dungeon, and saw 8 of its levels.
You also visited: Sewer.

You collected 688 gold pieces.
You spent 130 gold pieces at shops.
You paid 92 gold pieces to Gozag.

Inventory:

Hand Weapons
 a - a +0 war axe (weapon)
Missiles
 h - 5 poisoned darts (quivered)
 n - 2 boomerangs
Armour
 c - a +0 buckler (worn)
 i - a +0 troll leather armour (worn) {Pargi}
 j - a +0 cloak (worn)
Jewellery
 p - a ring of ice
Wands
 l - a wand of polymorph (3)
 m - a wand of flame (2)
Scrolls
 e - 2 scrolls of magic mapping
 g - 3 scrolls of fog
 k - 2 scrolls of amnesia {unknown}
 o - a scroll of silence {unknown}
 q - 2 scrolls of enchant armour {unknown}


   Skills:
 * Level 7.7 Fighting
 - Level 6.0 Axes
 - Level 2.0 Throwing
 - Level 4.0 Armour
 * Level 5.6 Dodging
 * Level 4.2 Shields
 * Level 1.8 Evocations


You had 8 spell levels left.
You didn't know any spells.
Your spell library contained the following spells:

 Spells                   Type           Power      Damage    Failure   Level
 Animate Skeleton         Necr           0%         N/A       54%         1
 Apportation              Tloc           0%         N/A       54%         1
 Summon Small Mammal      Summ           0%         N/A       54%         1
 Call Canine Familiar     Summ           0%         N/A       89%         3
 Gell's Gravitas          Tloc           0%         N/A       89%         3
 Portal Projectile        Hex/Tloc       0%         N/A       89%         3
 Teleport Other           Tloc           0%         N/A       89%         3
 Leda's Liquefaction      Hex/Erth       0%         N/A       100%        4
 Passage of Golubria      Tloc           0%         N/A       100%        4
 Silence                  Hex/Air        0%         N/A       100%        5
 Dispersal                Tloc           0%         N/A       100%        6
 Lehudib's Crystal Spear  Conj/Erth      0%         10d2      100%        8


Dungeon Overview and Level Annotations

Branches:
Dungeon (7/15)             Temple (1/1) D:5           Sewer (visited)

Altars:
Ashenzari
Cheibriados
Dithmenos
Elyvilon
Fedhas
Gozag
Kikubaaqudgha
Makhleb
Nemelex Xobeh
Okawaru
Qazlal
Ru
Sif Muna
Trog
Uskayaw
Vehumet
Wu Jian
Xom
Yredelemnul
Zin
The Shining One

Shops:
D:1 =*   D:5 *

Annotations:
D:4 1 runed translucent door
D:6 Maggie


Innate Abilities, Weirdness & Mutations

You are immune to poison.
Your flesh is cold resistant. (rC+)
You are immune to negative energy. (rN+++)
You are immune to unholy pain and torment.
You are vulnerable to heat. (rF-)
You do not drink.


Message History

Maggie looks even sicker.
Maggie is lightly wounded.
You throw a poisoned dart. The poisoned dart hits Maggie.
Maggie is lightly wounded.
You throw a poisoned dart. The poisoned dart hits Maggie.
Maggie is lightly wounded.
You throw a poisoned dart. The poisoned dart barely misses Maggie.
Maggie hits you with a +1 long sword of flaming!
Maggie burns you.
You are too injured to fight recklessly!
You are too injured to fight recklessly!
Throw: dart (curare)
Press: ? - help, Q - select action, (/) - cycle Shift-Dir - straight line, f/p - Maggie
Aim: Maggie, wielding a +1 long sword of flaming and wearing +0 swamp dragon scales (lightly wounded, mesmerising, very poisoned, 64% to hit)
You throw a curare-tipped dart. The curare-tipped dart hits Maggie.
Maggie is lightly wounded.
You block Maggie's attack.
Throw: 8 darts (poison)
Press: ? - help, Q - select action, (/) - cycle Shift-Dir - straight line, f/p - Maggie
Aim: Maggie, wielding a +1 long sword of flaming and wearing +0 swamp dragon scales (lightly wounded, mesmerising, poisoned, 64% to hit)
You throw a poisoned dart. The poisoned dart hits Maggie.
Maggie is lightly wounded.
Throw: 7 darts (poison)
Press: ? - help, Q - select action, (/) - cycle Shift-Dir - straight line, f/p - Maggie
Aim: Maggie, wielding a +1 long sword of flaming and wearing +0 swamp dragon scales (lightly wounded, mesmerising, poisoned, 64% to hit)
You throw a poisoned dart. The poisoned dart hits Maggie.
Maggie is lightly wounded.
Maggie gestures at you while chanting. The bolt of fire hits you!!
The fire burns you terribly!
* * * LOW HITPOINT WARNING * * *
As you read the scroll of teleportation, it crumbles to dust.
You feel strangely unstable. Maggie closely misses you.
Throw: 6 darts (poison)
Press: ? - help, Q - select action, (/) - cycle Shift-Dir - straight line, f/p - Maggie
Aim: Maggie, wielding a +1 long sword of flaming and wearing +0 swamp dragon scales (lightly wounded, mesmerising, poisoned, 64% to hit)
You throw a poisoned dart. The poisoned dart hits Maggie.
Maggie is lightly wounded.
Maggie hits you with a +1 long sword of flaming!
You die...
Your body crumbles into a pile of gold.

...###..#...............##.......
####.##.........(...((......#...#
###...#.............(.#.....#....
##.......#..........#.###........
.........#.##.....(.......##.....
.....>......#....(...............
................(..##............
...........#....@[.#...."........
....##.....##...@.......##.##....
....#.###..............###.......
......#....##....###.............
>.........##......#####...##.....
.#####....#.......#####........#.
...##.....#..........#...#....##.
.......!.............!...#.....##
...#...#....##...........####..#.
..##..##...####...........##.....


You could see Maggie (mesmerising, poisoned).

Vanquished Creatures
  The ghost of murtidash the Pure, a novice FoAK of Lugonu (D:4)
  2 slime creatures
  Edmund (D:5)
  A water moccasin (D:5)
  A sky beast (D:5)
  Pargi (Sewer)
  A black bear (D:6)
  2 ice beasts
  A necrophage (D:4)
  An ogre (D:5)
  A phantom (D:5)
  4 kobold brigands (D:5)
  A bullfrog (D:4)
  A scorpion (D:5)
  A water moccasin zombie (D:5)
  2 water moccasin skeletons
  An electric eel (D:6)
  A howler monkey (D:7)
  2 bullfrog zombies
  2 centaur skeletons
  3 hounds
  3 jellies (D:5)
  A centaur zombie (D:6)
  2 orc priests
  A bullfrog skeleton (D:5)
  Jessica (D:2)
  2 iguanas (D:5)
  An orc wizard (D:7)
  A hound skeleton (D:4)
  2 gnolls (D:3)
  2 howler monkey skeletons (D:6)
  A river rat (D:4)
  6 adders
  2 white imps (D:6)
  An adder skeleton (D:3)
  An adder zombie (D:5)
  2 worms
  5 orcs
  6 bats
  7 endoplasms
  7 giant cockroaches
  A goblin (D:3)
  3 hobgoblins
  5 jackals
  8 quokkas
  11 ball pythons
  2 frilled lizards (Sewer)
  12 kobolds
  3 rats
130 creatures vanquished.

Vanquished Creatures (others)
  4 fungi (D:5)
  10 toadstools (D:5)
14 creatures vanquished.

Grand Total: 144 creatures vanquished

Notes
Turn   | Place    | Note
-------+----------+-------------------------------------------
     0 | D:1      | grumblor the Mummy Fighter began the quest for the Orb.
     0 | D:1      | Reached XP level 1. HP: 18/18 MP: 1/1
   194 | D:1      | Found a faded altar of an unknown god.
   210 | D:1      | Found Gowotz's General Store.
   482 | D:1      | Reached XP level 2. HP: 24/24 MP: 2/2
   699 | D:1      | Found Hoosilam's Jewellery Shop.
  1211 | D:2      | Noticed Jessica
  1225 | D:2      | Killed Jessica
  1226 | D:2      | Reached XP level 3. HP: 19/30 MP: 3/3
  2345 | D:3      | Reached skill level 4 in Fighting
  2379 | D:3      | Reached XP level 4. HP: 37/37 MP: 4/4
  3476 | D:4      | Found a glowing drain.
  3598 | Sewer    | Entered a sewer
  3679 | Sewer    | Noticed Pargi
  3694 | Sewer    | Killed Pargi
  3695 | Sewer    | Reached skill level 1 in Throwing
  3695 | Sewer    | Reached skill level 1 in Dodging
  3695 | Sewer    | Reached XP level 5. HP: 9/43 MP: 5/5
  4123 | D:4      | Found a runed translucent door.
  4141 | D:4      | Noticed a necrophage
  4147 | D:4      | Killed a necrophage
  4148 | D:4      | Reached XP level 6. HP: 41/49 MP: 6/6
  4213 | D:4      | Found a runed translucent door.
  4240 | D:4      | Identified the +5 ring mail of Eternal Night {+Blink rCorr
                  | MP+9 Dex+2}
  4852 | D:4      | Noticed murtidash's ghost (novice FoAK)
  5203 | D:4      | Reached skill level 5 in Fighting
  5254 | D:4      | Killed murtidash's ghost
  5255 | D:4      | Reached XP level 7. HP: 23/56 MP: 7/7
  5346 | D:5      | Entered Level 5 of the Dungeon
  5360 | D:5      | Found a staircase to the Ecumenical Temple.
  5383 | Temple   | Entered the Ecumenical Temple
  5557 | Temple   | Became a worshipper of Gozag Ym Sagoz the Greedy
  5729 | D:5      | Found Roschixe's Assorted Antiques.
  5737 | D:5      | Bought a twisted garnet ring for 130 gold pieces
  6112 | D:5      | Identified a scroll of acquirement
  6113 | D:5      | Acquired a manual of Dodging
  6174 | D:5      | Reached skill level 6 in Fighting
  6174 | D:5      | Reached XP level 8. HP: 48/64 MP: 8/8
  6266 | D:5      | Noticed Edmund
  6282 | D:5      | Killed Edmund
  6311 | D:5      | Reached skill level 5 in Axes
  6700 | D:5      | Noticed a slime creature
  6705 | D:5      | Noticed a slime creature
  7038 | D:4      | Killed a slime creature
  7039 | D:4      | Reached XP level 9. HP: 41/71 MP: 9/9
  7188 | D:5      | Reached skill level 7 in Fighting
  7188 | D:5      | Reached skill level 1 in Evocations
  7554 | D:6      | Reached skill level 5 in Dodging
  8092 | D:7      | Noticed Maggie
  8814 | D:6      | Slain by Maggie

Illustrated notes

Levels and vault maps discovered:
D:1:      erik_arrival_blinker_ship, layout_loops_cross,
          ebering_ecumenical_altar_ruins, serial_shops, shop,
          nicolae_square_shop, chequers_serial_rivers_micro_a,
          kennysheep_doodads, minmay_domino_2
D:2:      layout_basic, basic_altar, grunt_decor_one_mirror, uniq_jessica
D:3:      layout_basic
D:4:      layout_layer_cave, ebering_ghost_sewer_f, portal_sewer_entry_f
D:5:      cheibrodos_fertilizer, layout_loops_ring, minmay_temple_entry_glass,
          serial_shops, shop, uniq_edmund
D:6:      layout_cave_pools, minmay_misc_feat_x, fountainhead
D:7:      layout_cave_pools, nicolae_ossuary_entry_ruins, uniq_duvessa,
          uniq_maggie, uniq_joseph
Temple:   mainiacjoe_temple_hex_bubbles

Skill      XL: |  1  2  3  4  5  6  7  8  9 |
---------------+----------------------------+-----
Axes           | 2 3 4 5 6 |  6.0
Fighting       | 4 5 6 7 |  7.7
Throwing       | 1 2 |  2.0
Dodging        | 1 2 3 4 5 |  5.6
Shields        | 3 4 |  4.2
Armour         | 3 4 |  4.0
Evocations     | 1 |  1.8

Action                   |  1- 3 |  4- 6 |  7- 9 || total
-------------------------+-------+-------+-------++-------
Melee: War axe           |   136 |   162 |   295 ||   593
Throw: Dart              |     4 |     3 |    43 ||    50
       Boomerang         |       |       |     6 ||     6
Evoke: Wand              |       |       |     5 ||     5
  Use: Scroll            |     5 |     2 |     5 ||    12
 Stab: Distracted        |       |       |     1 ||     1
Armor: Scale mail        |    63 |    73 |       ||   136
       Troll leather arm |       |    13 |    92 ||   105
Dodge: Dodged            |    76 |   128 |   184 ||   388
Block: Buckler           |    30 |    39 |    55 ||   124

Table legend: (Time is in decaauts)
 A = Elapsed time spent in this place.
 B = Non-inter-level travel time spent in this place.
 C = Inter-level travel time spent in this place.
 D = Time resting spent in this place.
 E = Time spent auto-exploring this place.
 F = Levels seen in this place.
 G = Mean time per level.
                   A        B        C        D        E       F      G
               +--------+--------+--------+--------+--------+-----+--------+
         Total |   9067 |   8795 |    272 |   2118 |   4606 |   9 | 1007.4 |
       Dungeon |   8264 |   8044 |    220 |   2118 |   4011 |   7 | 1180.6 |
        Temple |    274 |    222 |     52 |      0 |    217 |   1 |  274.0 |
         Sewer |    528 |    528 |      0 |      0 |    377 |   1 |  528.0 |
               +--------+--------+--------+--------+--------+-----+--------+

Top non-repeatable levels by time:
     D:4: 1776 daAuts
     D:5: 1551 daAuts
     D:3: 1371 daAuts
     D:6: 1293 daAuts
     D:2: 1273 daAuts
     D:1: 889 daAuts
   Sewer: 528 daAuts
  Temple: 274 daAuts
     D:7: 107 daAuts
